 Dungeon Crawl Stone Soup version 0.31-a0-986-g5e6e4ef867 (webtiles) character file.

Game seed: 1737908895884968275

1598 DApurpleWHUMPUS the Thaumaturge (level 8, -10/43 HPs)
             Began as a Deep Elf Conjurer on Oct 28, 2023.
             Was a Follower of Sif Muna.
             Killed from afar by a steam dragon (15 damage)
             ... with a ball of steam
             ... on level 7 of the Dungeon on Nov 25, 2023.
             The game lasted 00:21:12 (7202 turns).

DApurpleWHUMPUS the Thaumaturge (Deep Elf Conjurer) Turns: 7202, Time: 00:21:12

Health: -10/43     AC:  3    Str:  4    XL:     8   Next: 62%
Magic:  13/23      EV: 13    Int: 26    God:    Sif Muna [*.....]
Gold:   367        SH:  0    Dex: 13    Spells: 19/25 levels left

rFire   . . .        e - staff of conjuration
rCold   . . .        (no shield)
rNeg    . . .        s - +0 leather armour
rPois   .            (no helmet)
rElec   .            (no cloak)
rCorr   .            (no gloves)
SInv    .            (no boots)
Will    .....        f - amulet of regeneration
Stlth   ++           (no ring)
HPRegen 1.07/turn    (no ring)
MPRegen 0.18/turn

%: no passive effects
@: no status effects
A: no striking features
a: Renounce Religion, Channel Magic


You were on level 7 of the Dungeon.
You worshipped Sif Muna.
Sif Muna was aware of your devotion.
You visited 1 branch of the dungeon, and saw 7 of its levels.

You collected 367 gold pieces.

Inventory:

Armour
 a - a +0 robe
 r - a +3 scale mail
 s - a +0 leather armour (worn)
Magical Staves
 c - a staff of poison
 e - a staff of conjuration (weapon)
 y - a staff of fire
Jewellery
 f - an amulet of regeneration (around neck)
Wands
 b - a wand of mindburst (5)
 w - a wand of roots (10)
Scrolls
 g - 2 scrolls of poison {unknown}
 h - 3 scrolls of fear {unknown}
 i - 2 scrolls of teleportation {unknown}
 k - a scroll of amnesia {unknown}
 l - 7 scrolls of identify {unknown}
 m - a scroll of enchant weapon {unknown}
 o - 3 scrolls of immolation {unknown}
 p - 3 scrolls of noise {unknown}
 t - a scroll of brand weapon {unknown}
 x - a scroll of silence {unknown}
 z - a scroll of fog {unknown}
Potions
 d - a potion of might {unknown}
 j - 2 potions of curing
 n - a potion of haste {unknown}
 q - a potion of attraction {unknown}
 u - 3 potions of lignification {unknown}
 v - a potion of magic


   Skills:
 - Level 1.4 Fighting
 + Level 5.7 Dodging
 - Level 2.4 Stealth
 + Level 9.3 Spellcasting
 + Level 8.6 Conjurations
 - Level 2.0 Poison Magic


You had 19 spell levels left.
You knew the following spells:

 Your Spells              Type           Power      Damage    Failure   Level
a - Magic Dart            Conj           100%       1d8       1%          1
b - Searing Ray           Conj           100%       2d8       1%          2
c - Dazzling Flash        Conj/Hex       100%       N/A       4%          3

Your spell library contained the following spells:

 Spells                   Type           Power      Damage    Failure   Level
 Necrotise                Necr           48%        1d6       9%          1
 Fulminant Prism          Conj/Hex       25%        3d14      16%         4
 Iskenderun's Mystic Bla  Conj/Tloc      51%        2d11      16%         4
 Vampiric Draining        Necr           12%        2d6       26%         3
 Agony                    Necr           12%        N/A       94%         5


Dungeon Overview and Level Annotations

Branches:
Dungeon (7/15)             Temple (0/1) D:4

Altars:
Cheibriados
Dithmenos
Kikubaaqudgha
Okawaru
Qazlal
Sif Muna
Uskayaw
Xom
Yredelemnul
Zin
The Shining One

Annotations:
D:3 1 runed translucent door, Crazy Yiuf


Message History

Aim: a steam dragon (83% to hit)
You feel a surge of power!
The searing ray misses the steam dragon. (Press . to maintain the ray.)
The steam dragon bites you! The steam dragon claws you.
The searing ray hits the steam dragon!
The steam dragon is moderately wounded.
The steam dragon closely misses you. The steam dragon claws you.
The searing ray hits the steam dragon!
The steam dragon is severely wounded.
The steam dragon bites you!
* * * LOW HITPOINT WARNING * * *
The steam dragon claws you.
* * * LOW HITPOINT WARNING * * *
A wight comes into view. It is wielding a +0 falchion.
The searing ray hits the steam dragon but does no damage.
The steam dragon is severely wounded.
You finish channelling your searing ray.
The steam dragon bites you.
* * * LOW HITPOINT WARNING * * *
The steam dragon claws you.
* * * LOW HITPOINT WARNING * * *
A kobold brigand comes into view.
It is wielding a +0 dagger and quivering curare-tipped darts.
The steam dragon bites you.
* * * LOW HITPOINT WARNING * * *
The steam dragon closely misses you.
Okay, then.
Casting: Searing Ray (safe; 1% risk of failure)
Confirm with . or Enter, or press ? or * to list all spells.
Aiming: Searing Ray (safe; 1% risk of failure)
Press: ? - help, Shift-Dir - straight line, f/p - steam dragon
Aim: a steam dragon (severely wounded, 83% to hit)
You feel a surge of power!
The searing ray hits the steam dragon.
The steam dragon is almost dead. (Press . to maintain the ray.)
The kobold brigand shouts!
You hear the steady creaking of a distant portcullis.
The steam dragon breathes steam at you. The ball of steam hits you!
You die...

. ..... ..
..... ...... #.
...K #.##..###
##.....#.#
#........## .
#........##..
#............
#@.[........
#D..[.......
##z[........
#...........
#.....$.....
.............
.!............
.......#.......
.............##


You could see a steam dragon (catching breath), a kobold brigand and a wight.

Vanquished Creatures
  A wyvern (D:7)
  2 black bears
  A sky beast (D:7)
  An ice beast (D:6)
  An ogre (D:6)
  A phantom (D:5)
  2 bullfrogs (D:6)
  4 scorpions
  3 wights (D:7)
  A howler monkey (D:5)
  2 iguanas (D:5)
  Jessica (D:3)
  Ijyb (D:3)
  An orc wizard (D:3)
  4 gnolls (D:3)
  6 adders
  2 white imps
  4 ufetubi
  A worm (D:4)
  5 dart slugs
  10 orcs
  7 bats
  10 endoplasms
  7 giant cockroaches
  9 goblins
  10 hobgoblins
  11 jackals
  11 kobolds
  3 quokkas
  11 ball pythons
  6 frilled lizards
  10 rats
149 creatures vanquished.

Notes
Turn   | Place    | Note
-------+----------+-------------------------------------------
     0 | D:1      | DApurpleWHUMPUS the Deep Elf Conjurer began the quest for
                  | the Orb.
     0 | D:1      | Reached XP level 1. HP: 10/10 MP: 6/6
   183 | D:1      | Reached XP level 2. HP: 15/15 MP: 1/8
   658 | D:1      | Reached skill level 1 in Poison Magic
   666 | D:1      | Learned a level 2 spell: Searing Ray
   975 | D:1      | Reached XP level 3. HP: 19/19 MP: 7/10
  1320 | D:2      | Reached skill level 4 in Spellcasting
  1602 | D:2      | Found a shadowy altar of Dithmenos.
  1680 | D:2      | Reached skill level 5 in Conjurations
  1856 | D:2      | Reached XP level 4. HP: 24/24 MP: 9/12
  2578 | D:3      | Reached skill level 5 in Spellcasting
  2863 | D:3      | Reached XP level 5. HP: 28/28 MP: 10/14
  2863 | D:3      | Upgraded the game from 0.31-a0-971-g75a2e9a4b4 to
                  | 0.31-a0-986-g5e6e4ef867
  2864 | D:3      | Noticed Ijyb
  2875 | D:3      | Killed Ijyb
  2900 | D:3      | Found a hide-covered altar of Uskayaw.
  3010 | D:3      | Noticed Jessica
  3018 | D:3      | Killed Jessica
  3370 | D:3      | Found a stormy altar of Qazlal.
  3370 | D:3      | Noticed a sky beast
  3561 | D:3      | Found a runed translucent door.
  3562 | D:3      | Noticed Crazy Yiuf
  3595 | D:3      | Found a glowing golden altar of the Shining One.
  3667 | D:4      | Identified the "Gedghu"
  3685 | D:4      | Found a shimmering altar of Xom.
  3685 | D:4      | Noticed an angel
  3708 | D:4      | Learned a level 3 spell: Dazzling Flash
  3746 | D:4      | Found a glowing silver altar of Zin.
  3861 | D:4      | Found a shimmering blue altar of Sif Muna.
  3868 | D:4      | Reached skill level 6 in Spellcasting
  3873 | D:4      | Became a worshipper of Sif Muna the Loreminder
  3949 | D:4      | Reached XP level 6. HP: 29/33 MP: 6/17
  4329 | D:4      | Found a staircase to the Ecumenical Temple.
  4482 | D:5      | Entered Level 5 of the Dungeon
  4641 | D:5      | Reached skill level 1 in Fighting
  4885 | D:5      | Reached skill level 7 in Spellcasting
  4885 | D:5      | Reached XP level 7. HP: 34/38 MP: 9/19
  5434 | D:5      | Found a snail-covered altar of Cheibriados.
  6028 | D:6      | Reached skill level 8 in Spellcasting
  6230 | D:6      | Reached XP level 8. HP: 43/43 MP: 15/22
  6384 | D:6      | Reached * piety under Sif Muna
  6424 | D:6      | Found a basalt altar of Yredelemnul.
  6560 | D:6      | Found an iron altar of Okawaru.
  6566 | D:6      | Found an ancient bone altar of Kikubaaqudgha.
  6569 | D:6      | Found a shadowy altar of Dithmenos.
  6823 | D:7      | Identified the "Ympegeih"
  6890 | D:6      | Reached skill level 5 in Dodging
  7033 | D:6      | Reached skill level 9 in Spellcasting
  7202 | D:7      | Killed from afar by a steam dragon

Illustrated notes

Levels and vault maps discovered:
D:1:      erik_arrival_cave_to_civilisation [erik_arrival_cave_to_hall],
          layout_basic, nicolae_figureground_pulse
D:2:      layout_loops_cross, basic_altar
D:3:      layout_basic, nicolae_qazlal_beasts_of_the_sky, tso_oasis_becter,
          eat_drink_and_be_merry_uskayaw, uniq_ijyb, uniq_crazy_yiuf_cottage,
          uniq_jessica
D:4:      layout_basic, grunt_temple_overflow_order_and_chaos_1,
          mainiacjoe_overflow_chevrons, minmay_temple_entry_enclosed_plants,
          serial_rivers, chequers_serial_rivers_micro_c,
          chequers_serial_rivers_small_a, chequers_serial_rivers_marsh,
          chequers_serial_rivers_micro_d, chequers_serial_rivers_large_b
D:5:      layout_cave_pods, kennysheep_slug_shrine
D:6:      layout_loops_ring, mainiacjoe_overflow_six_doors_small,
          minmay_overflow_temple_star_quad
D:7:      layout_cave_pools, enter_bailey_6, serial_shops, shop

Skill      XL: |  1  2  3  4  5  6  7  8 |
---------------+-------------------------+-----
Poison Magic   | 1 2 |  2.0
Spellcasting   | 4 5 6 7 8 9 |  9.3
Conjurations   | 5 6 7 8 |  8.6
Fighting       | 1 |  1.4
Dodging        | 4 5 |  5.7
Stealth        | |  2.4

Action                     |  1- 3 |  4- 6 |  7- 9 || total
---------------------------+-------+-------+-------++-------
  Melee: Staff             |       |     2 |       ||     2
   Cast: Magic Dart        |    87 |   133 |    37 ||   257
         Searing Ray       |       |    17 |    23 ||    40
         Dazzling Flash    |       |     1 |       ||     1
    Use: Potion            |       |     2 |       ||     2
 Armour: Robe              |     7 |     9 |       ||    16
         Leather armour    |       |    23 |    43 ||    66
         Scale mail        |       |     1 |       ||     1
  Dodge: Dodged            |    12 |    24 |    28 ||    64

Table legend: (Time is in decaauts)
 A = Elapsed time spent in this place.
 B = Non-inter-level travel time spent in this place.
 C = Inter-level travel time spent in this place.
 D = Time resting spent in this place.
 E = Time spent auto-exploring this place.
 F = Levels seen in this place.
 G = Mean time per level.
                   A        B        C        D        E       F      G
               +--------+--------+--------+--------+--------+-----+--------+
         Total |   7239 |   7040 |    199 |   1866 |   4201 |   7 | 1034.1 |
       Dungeon |   7239 |   7040 |    199 |   1866 |   4201 |   7 | 1034.1 |
               +--------+--------+--------+--------+--------+-----+--------+

Top non-repeatable levels by time:
     D:6: 1385 daAuts
     D:1: 1314 daAuts
     D:5: 1254 daAuts
     D:2: 1215 daAuts
     D:3: 1139 daAuts
     D:4: 847 daAuts
     D:7: 84 daAuts
